 Dungeon Crawl Stone Soup version 0.26.1-11-gd32895ea62 (webtiles) character file.

Game seed: 1475302698402969623

23 Zeld the Insei (level 2, -3/18 HPs)
             Began as an Octopode Transmuter on May 27, 2021.
             Slain by a kobold
             ... wielding a cursed -2 short sword
              (7 damage)
             ... on level 2 of the Dungeon.
             The game lasted 00:01:29 (1635 turns).

Zeld the Insei (Octopode Transmuter)                Turns: 1635, Time: 00:01:30

Health: -3/18      AC:  1    Str:  9    XL:     2   Next: 95%
Magic:  5/5        EV: 13    Int: 15    God:
Gold:   63         SH:  0    Dex: 12    Spells: 2/5 levels left

rFire    . . .     SeeInvis .     - Unarmed
rCold    . . .     Faith    .   (no shield)
rNeg     . . .     Spirit   .   (helmet currently unavailable)
rPois    .         Reflect  .   (no amulet)
rElec    .         Harm     .   (no ring)
rCorr    .         Rampage  .   (no ring)
Will     .....                  (no ring)
Stlth    ++........             (no ring)
HPRegen  0.06/turn              (no ring)
MPRegen  0.09/turn              (no ring)
                                (no ring)
                                (no ring)

@: appendages (expiring)
A: almost no armour, stealthy swim, amphibious, 8 rings, constrict 8, tentacle
spike 3, camouflage 1, gelatinous body 1
a: End Transformation


You were on level 2 of the Dungeon.
One of your tentacles had a temporary spike.
You visited 1 branch of the dungeon, and saw 2 of its levels.

You collected 63 gold pieces.

Inventory:

Jewellery
 c - a +4 ring of evasion {unknown}
Scrolls
 a - a scroll of fog {unknown}
 b - 2 scrolls of remove curse {unknown}
 d - a scroll of teleportation {unknown}
 e - a scroll of identify {unknown}
 f - a scroll of fear {unknown}


   Skills:
 + Level 1.3 Fighting
 + Level 2.2 Dodging
 - Level 3.0 Unarmed Combat
 * Level 2.4 Spellcasting
 * Level 2.5 Transmutations


You had 2 spell levels left.
You knew the following spells:

 Your Spells              Type           Power        Failure   Level
a - Beastly Appendage     Tmut           18%          8%          1
b - Wereblood             Tmut           9%           12%         2

Your spell library contained the following spells:

 Spells                   Type           Power        Failure   Level
 Spider Form              Tmut/Pois      2%           36%         3
 Ice Form                 Ice/Tmut       5%           77%         4
 Blade Hands              Tmut           4%           91%         5


Dungeon Overview and Level Annotations

Branches:
Dungeon (2/15)

Altars:


Innate Abilities, Weirdness & Mutations

You cannot wear most types of armour.
You are very stealthy in the water. (Stealth+)
You are amphibious.
You can wear up to eight rings at the same time.
You can use your tentacles to constrict eight enemies at once.
Your skin changes colour to match your surroundings (Stealth+).
Your rubbery body absorbs attacks. (AC +1, EV +1)
One of your tentacles bears a large vicious spike.


Message History

You tentacle-slap the adder but do no damage.
Your grab misses the adder.
The adder is heavily wounded.
The adder bites you.
* * * LOW HITPOINT WARNING * * *
The kobold barely misses you.
Unknown command.
You barely miss the adder. You grab the adder.
The adder is heavily wounded.
You constrict the adder, but do no damage.
The adder misses you. The dart slug barely misses you.
You tentacle-slap the adder.
You squeeze the adder, but do no damage.
The adder is severely wounded.
You constrict the adder. The adder closely misses you.
The kobold barely misses you. The adder closely misses you.
You tentacle-slap the adder.
You kill the adder!
The kobold hits you with a cursed -2 short sword!
You die...

............#.......#
............#.......#
.....(......#....####
......(...?.#....#
#####.(...#....#
#.....#.....
#######.....###.#
#....w(........
#.#...@K..#.....
##?######..... #+
..... ###.


You could see a dart slug and a kobold.

Vanquished Creatures
  An adder (D:2)
  A leopard gecko (D:1)
  5 goblins
  A hobgoblin (D:1)
  3 jackals (D:1)
  6 bats
  A frilled lizard (D:1)
  A kobold (D:2)
  2 rats (D:1)
21 creatures vanquished.

Notes
Turn   | Place    | Note
-------+----------+-------------------------------------------
     0 | D:1      | Zeld the Octopode Transmuter began the quest for the Orb.
     0 | D:1      | Reached XP level 1. HP: 13/13 MP: 3/3
   364 | D:1      | Reached XP level 2. HP: 18/18 MP: 3/5
  1499 | D:1      | Learned a level 2 spell: Wereblood
  1550 | D:2      | Found a faded altar of an unknown god.
  1635 | D:2      | Slain by a kobold

Illustrated notes

Levels and vault maps discovered:
D:1:      dpeg_arrival_rooms_c, layout_basic
D:2:      layout_basic, chequers_ecumenical_altar_simple_redux

Action                   || total
-------------------------++-------
Melee: Unarmed           ||    52
       Constrict         ||    11
       Kick              ||    11
       Tentacles         ||     5
       Punch             ||     1
 Cast: Beastly Appendage ||    17
 Stab: Sleeping          ||     3
Armor: Skin              ||     8
Dodge: Dodged            ||    74
